 Dungeon Crawl Stone Soup version 0.23.2-30-g0e89c35649 (webtiles) character file.

Game seed: 18181295340871027775

12624 troglodite the Thaumaturge (level 11, -2/86 HPs)
             Began as a Gnoll Skald on June 24, 2019.
             Was a High Priest of Okawaru.
             Slain by a death knight
             ... wielding a +2 broad axe
              (21 damage)
             ... on level 11 of the Dungeon.
             The game lasted 00:52:52 (15299 turns).

troglodite the Thaumaturge (Gnoll Skald)           Turns: 15299, Time: 00:52:53

Health: -2/86      AC: 16    Str: 14    XL:     11   Next: 96%
Magic:  17/23      EV: 11    Int: 18    God:    Okawaru [*****.]
Gold:   691        SH: 10    Dex: 26    Spells: 19/26 levels left

rFire    + . .     SeeInvis .   G - +3 spear "Liuch" {vamp, *Drain Dex+5 Stlth-}
rCold    . . .     Gourm    .   k - +0 buckler
rNeg     . . .     Faith    .   I - +2 chain mail {rF+}
rPois    .         Spirit   .   y - +2 helmet
rElec    .         Reflect  +   (no cloak)
rCorr    .         Harm     .   (no gloves)
MR       .....                  j - +0 pair of boots
Stlth    ..........             E - +3 amulet of reflection
HPRegen  0.24/turn              h - +3 ring of dexterity
MPRegen  0.18/turn              K - +3 ring of dexterity

@: vulnerable, very slightly contaminated, drained
A: distributed training, fangs 1, strong nose
a: Heroism, Finesse, Renounce Religion


You were on level 11 of the Dungeon.
You worshipped Okawaru.
Okawaru was extremely pleased with you.
You were not hungry.

You visited 2 branches of the dungeon, and saw 12 of its levels.
You also visited: Sewer.

You collected 812 gold pieces.
You spent 121 gold pieces at shops.

Inventory:

Hand Weapons
 G - the +3 spear "Liuch" (weapon) {vamp, *Drain Dex+5 Stlth-}
   (You found it on level 9 of the Dungeon)

   It inflicts no extra harm, but heals its wielder when it wounds a living foe.
   It affects your dexterity (+5).
   It causes draining when unequipped.
   It makes you less stealthy.
Missiles
 B - 2 tomahawks of returning (quivered)
 H - 7 steel javelins
 L - 5 poisoned javelins
Armour
 j - a +0 pair of boots (worn)
 k - a +0 buckler (worn)
 u - a +0 shield
 y - a +2 helmet (worn)
 I - a +2 chain mail of fire resistance (worn)
Magical Staves
 J - an uncursed staff of summoning {unknown}
Jewellery
 h - a +3 ring of dexterity (left hand)
 m - an uncursed ring of stealth
 E - a +3 amulet of reflection (around neck)
 K - a +3 ring of dexterity (right hand)
Wands
 a - a wand of flame (3)
 b - a wand of polymorph (9)
 s - a wand of scattershot (4)
 z - a wand of enslavement (11)
 A - a wand of digging (3)
 M - a wand of paralysis (2)
Scrolls
 g - a scroll of identify
 i - 8 scrolls of remove curse
 l - 3 scrolls of amnesia
 p - a scroll of fog
 q - a scroll of fear
 C - a scroll of brand weapon {unknown}
Potions
 c - 10 potions of curing
 f - 2 potions of cancellation
 n - 2 potions of might
 o - 3 potions of lignification
 r - 2 potions of heal wounds
 t - a potion of flight
 v - 2 potions of haste
 w - a potion of agility
 x - 2 potions of mutation
 D - 3 potions of magic
 O - a potion of resistance
Miscellaneous
 F - a phial of floods
Comestibles
 d - 11 rations


   Skills:
 + Level 8.2(7.3) Fighting
 + Level 6.6(5.8) Short Blades
 + Level 6.6(5.8) Long Blades
 + Level 6.6(5.8) Axes
 + Level 6.6(5.8) Maces & Flails
 + Level 8.2(7.3) Polearms
 + Level 6.6(5.8) Staves
 + Level 6.6(5.8) Slings
 + Level 6.6(5.8) Bows
 + Level 6.6(5.8) Crossbows
 + Level 6.6(5.8) Throwing
 + Level 7.2(6.4) Armour
 + Level 8.2(7.3) Dodging
 + Level 6.6(5.8) Stealth
 + Level 6.6(5.8) Shields
 + Level 6.6(5.8) Unarmed Combat
 + Level 8.4(7.6) Spellcasting
 + Level 5.5(4.7) Conjurations
 + Level 5.5(4.7) Hexes
 + Level 7.9(7.0) Charms
 + Level 5.5(4.7) Summonings
 + Level 5.5(4.7) Necromancy
 + Level 5.5(4.7) Translocations
 + Level 5.5(4.7) Transmutations
 + Level 5.5(4.7) Fire Magic
 + Level 5.5(4.7) Ice Magic
 + Level 5.5(4.7) Air Magic
 + Level 5.5(4.7) Earth Magic
 + Level 5.5(4.7) Poison Magic
 + Level 7.3(6.5) Invocations
 + Level 6.6(5.8) Evocations


You had 19 spell levels left.
You knew the following spells:

 Your Spells              Type           Power        Failure   Level  Hunger
a - Infusion              Chrm           ####         11%         1    None
b - Spectral Weapon       Hex/Chrm       ####....     45%         3    #......
c - Regeneration          Chrm/Necr      ####......   45%         3    #......

Your spell library contained the following spells:

 Spells                   Type           Power        Failure   Level  Hunger
 Song of Slaying          Chrm           ####....     16%         2    None
 Sting                    Conj/Pois      ###.         26%         1    None
 Shroud of Golubria       Chrm/Tloc      ####......   26%         2    None
 Poisonous Vapours        Pois/Air       ###...       38%         2    None
 Mephitic Cloud           Conj/Pois/Air  ###.....     63%         3    #......
 Olgreb's Toxic Radiance  Pois           ###.....     95%         4    ###....
 Venom Bolt               Conj/Pois      ###.......   100%        5    #####..


Dungeon Overview and Level Annotations

Branches:
Dungeon (11/15)            Temple (1/1) D:5            Lair (0/6) D:10
    Orc (0/2) D:10

Altars:
Ashenzari
Cheibriados
Dithmenos
Elyvilon
Fedhas
Gozag
Hepliaklqana
Kikubaaqudgha
Makhleb
Nemelex Xobeh
Okawaru
Qazlal
Ru
Sif Muna
Trog
Uskayaw
Vehumet
Wu Jian
Xom
Yredelemnul
Zin
The Shining One

Shops:
D:4 =   D:5 !

Annotations:
D:6 2 runed translucent doors, Matador8's ghost, novice DrCj
D:9 3 runed translucent doors, troglodite's ghost, novice OpCj


Innate Abilities, Weirdness & Mutations

Your experience applies equally to all skills.
You have very sharp teeth.
Your uncanny sense of smell can sniff out nearby items.


Message History

Confirm with . or Enter, or press ? or * to list all spells.
You miscast Spectral Weapon.
You are very lightly contaminated with residual magic.
You feel a strange surge of energy!
Casting: Spectral Weapon (slightly dangerous; 45% risk of failure)
Confirm with . or Enter, or press ? or * to list all spells.
You draw out your weapon's spirit!
The death knight barely misses you.
You closely miss the death knight.
You bite the death knight, but do no damage.
Your spectral weapon hits the death knight from afar.
Your spectral weapon suffers a backlash!
The death knight hits you with a +2 broad axe!!
* * * LOW HITPOINT WARNING * * *
You hit the death knight but do no damage.
You bite the death knight, but do no damage.
Your spectral weapon hits the death knight but does no damage.
You closely miss the death knight.
Your spectral weapon hits the death knight but does no damage.
The death knight hits you with a +2 broad axe!!
You die...

#.....# #.....##
#......####
####.........####
##.##............#
#.........###.....
#........## #####.
##.......## ##
#.@p......##
#(.........#
#..........#
#...)......#
#..........#
#..........## ###
##.......#..###.##
#......###.##...##
#.....## #.#.....#


You could see a death knight and a friendly spectral +3 spear "Liuch" {vamp,
*Drain Dex+5 Stlth-}.

Vanquished Creatures
  2 two-headed ogres (D:10)
  2 ugly things
  A manticore (D:11)
  A centaur zombie (D:11)
  A kobold demonologist (D:11)
  A komodo dragon (D:10)
  4 hippogriffs
  Sigmund (D:3)
  A shadow (D:9)
  A wyvern (D:10)
  A hungry ghost (D:10)
  Edmund (D:5)
  A water moccasin (D:10)
  3 black bears
  4 orc warriors
  2 phantoms
  3 sky beasts
  Purgy (Sewer)
  6 ice beasts
  An eye of draining (D:9)
  6 ogres
  5 centaurs
  2 crocodiles
  7 big kobolds
  7 bullfrogs
  A water moccasin skeleton (D:7)
  A scorpion (D:8)
  19 killer bees
  12 wights
  7 howler monkeys
  3 crimson imps
  A quasit (D:11)
  A bullfrog zombie (D:8)
  3 centaur skeletons
  6 hounds
  3 jellies
  3 orc priests
  6 orc wizards
  A bullfrog skeleton (D:9)
  Jessica (D:2)
  7 iguanas
  12 worker ants
  Ijyb (D:3)
  A hound skeleton (D:10)
  2 howler monkey zombies
  3 worker ant zombies
  3 gnolls (D:4)
  13 adders
  3 river rats (D:6)
  3 shadow imps
  A white imp (D:8)
  An ooze (D:1)
  An adder skeleton (D:4)
  2 worms
  3 dart slugs
  6 leopard geckos
  22 orcs
  3 ball pythons
  12 bats
  6 giant cockroaches
  12 goblins
  10 hobgoblins
  11 jackals
  13 quokkas
  5 frilled lizards
  2 jackal skeletons (D:4)
  A jackal zombie (D:6)
  62 kobolds
  2 kobold skeletons (D:8)
  2 kobold zombies (D:8)
  A leopard gecko skeleton (D:4)
  A leopard gecko zombie (D:6)
  2 orc skeletons (D:8)
  An orc zombie (D:8)
  A quokka zombie (D:6)
  14 rats
378 creatures vanquished.

Vanquished Creatures (others)
  A centaur (D:10)
  4 fungi (D:9)
  4 plants (D:10)
  9 spectral weapons
18 creatures vanquished.

Grand Total: 396 creatures vanquished

Notes
Turn   | Place    | Note
-------+----------+-------------------------------------------
     0 | D:1      | troglodite the Gnoll Skald began the quest for the Orb.
     0 | D:1      | Reached XP level 1. HP: 20/20 MP: 6/6
    38 | D:1      | Reached XP level 2. HP: 17/26 MP: 7/7
   430 | D:1      | Reached XP level 3. HP: 31/31 MP: 9/9
   435 | D:1      | Learned a level 3 spell: Spectral Weapon
   483 | D:1      | Reached skill level 5 in Spellcasting
   811 | D:2      | Reached skill level 1 in Invocations
  1035 | D:2      | Reached skill level 1 in Short Blades
  1035 | D:2      | Reached skill level 1 in Long Blades
  1035 | D:2      | Reached skill level 1 in Axes
  1035 | D:2      | Reached skill level 1 in Maces & Flails
  1035 | D:2      | Reached skill level 1 in Staves
  1035 | D:2      | Reached skill level 1 in Slings
  1035 | D:2      | Reached skill level 1 in Bows
  1035 | D:2      | Reached skill level 1 in Crossbows
  1035 | D:2      | Reached skill level 1 in Throwing
  1035 | D:2      | Reached skill level 1 in Stealth
  1035 | D:2      | Reached skill level 1 in Shields
  1035 | D:2      | Reached skill level 1 in Unarmed Combat
  1035 | D:2      | Reached skill level 1 in Evocations
  1035 | D:2      | Reached XP level 4. HP: 38/38 MP: 11/11
  1510 | D:2      | Noticed Jessica
  1520 | D:2      | Killed Jessica
  1520 | D:2      | Reached skill level 1 in Conjurations
  1520 | D:2      | Reached skill level 1 in Hexes
  1520 | D:2      | Reached skill level 1 in Summonings
  1520 | D:2      | Reached skill level 1 in Necromancy
  1520 | D:2      | Reached skill level 1 in Translocations
  1520 | D:2      | Reached skill level 1 in Transmutations
  1520 | D:2      | Reached skill level 1 in Fire Magic
  1520 | D:2      | Reached skill level 1 in Ice Magic
  1520 | D:2      | Reached skill level 1 in Air Magic
  1520 | D:2      | Reached skill level 1 in Earth Magic
  1520 | D:2      | Reached skill level 1 in Poison Magic
  1687 | D:2      | Learned a level 3 spell: Regeneration
  1703 | D:2      | Found a glowing golden altar of the Shining One.
  2013 | D:3      | Reached XP level 5. HP: 21/43 MP: 9/12
  2318 | D:3      | Noticed Sigmund
  2346 | D:3      | Killed Sigmund
  2346 | D:3      | Reached XP level 6. HP: 14/50 MP: 8/14
  2601 | D:3      | Noticed a hippogriff
  2619 | D:3      | Killed a hippogriff
  2619 | D:3      | Reached skill level 5 in Fighting
  2619 | D:3      | Reached skill level 5 in Polearms
  2619 | D:3      | Reached skill level 5 in Dodging
  2619 | D:3      | Reached XP level 7. HP: 16/56 MP: 3/15
  2865 | D:3      | Noticed Ijyb
  2873 | D:3      | Killed Ijyb
  3142 | D:3      | Found a deep blue altar of Sif Muna.
  3826 | D:4      | Reached XP level 8. HP: 43/63 MP: 13/16
  3987 | D:4      | Found Emohirr's Jewellery Boutique.
  5232 | D:5      | Entered Level 5 of the Dungeon
  5232 | D:5      | Noticed Edmund
  5247 | D:5      | Killed Edmund
  5581 | D:5      | Reached XP level 9. HP: 57/69 MP: 14/18
  5844 | D:5      | Found a glowing silver altar of Zin.
  5844 | D:5      | Noticed an angel
  5906 | D:5      | Found Oham's Distillery.
  5921 | D:5      | Bought a potion of curing for 33 gold pieces
  5921 | D:5      | Bought a potion of mutation for 88 gold pieces
  5960 | D:5      | Found a staircase to the Ecumenical Temple.
  5989 | Temple   | Entered the Ecumenical Temple
  6079 | Temple   | Became a worshipper of Warmaster Okawaru
  6654 | D:6      | Reached skill level 5 in Armour
  6888 | D:6      | Reached * piety under Okawaru
  6914 | D:6      | Found a large runed translucent door.
  6915 | D:6      | Found a large runed translucent door.
  6915 | D:6      | Noticed Matador8's ghost (novice DrCj)
  7207 | D:6      | Found a glowing drain.
  7217 | Sewer    | Entered a sewer
  7275 | Sewer    | Noticed Purgy
  7290 | Sewer    | Killed Purgy
  7290 | Sewer    | Reached skill level 5 in Invocations
  7498 | D:6      | Found a white marble altar of Elyvilon.
  8542 | D:7      | Found a blossoming altar of Fedhas.
  8550 | D:7      | Reached XP level 10. HP: 58/77 MP: 16/20
  8716 | D:7      | Reached ** piety under Okawaru
  9024 | D:7      | Reached skill level 5 in Short Blades
  9024 | D:7      | Reached skill level 5 in Long Blades
  9024 | D:7      | Reached skill level 5 in Axes
  9024 | D:7      | Reached skill level 5 in Maces & Flails
  9024 | D:7      | Reached skill level 5 in Staves
  9024 | D:7      | Reached skill level 5 in Slings
  9024 | D:7      | Reached skill level 5 in Bows
  9024 | D:7      | Reached skill level 5 in Crossbows
  9024 | D:7      | Reached skill level 5 in Throwing
  9024 | D:7      | Reached skill level 5 in Stealth
  9024 | D:7      | Reached skill level 5 in Shields
  9024 | D:7      | Reached skill level 5 in Unarmed Combat
  9024 | D:7      | Reached skill level 5 in Evocations
  9917 | D:8      | Found a glowing golden altar of the Shining One.
 10157 | D:8      | Reached *** piety under Okawaru
 10583 | D:9      | Noticed a red ugly thing
 10613 | D:9      | Killed a red ugly thing
 10927 | D:9      | Found a hazy altar of Hepliaklqana.
 10993 | D:9      | Got an ichor-stained spear
 10996 | D:9      | Identified the +3 spear "Liuch" {vamp, *Drain Dex+5 Stlth-}
                  | (You found it on level 9 of the Dungeon)
 11122 | D:9      | Received a gift from Okawaru
 11354 | D:9      | Reached XP level 11. HP: 84/84 MP: 22/22
 11423 | D:9      | Received a gift from Okawaru
 11889 | D:9      | Found a runed translucent gate.
 11889 | D:9      | Found a runed translucent gate.
 11889 | D:9      | Found a runed translucent gate.
 11890 | D:9      | Noticed troglodite's ghost (novice OpCj)
 12088 | D:10     | Entered Level 10 of the Dungeon
 12312 | D:10     | Noticed a two-headed ogre
 12332 | D:10     | Killed a two-headed ogre
 12332 | D:10     | Reached **** piety under Okawaru
 12332 | D:10     | Reached skill level 5 in Conjurations
 12332 | D:10     | Reached skill level 5 in Hexes
 12332 | D:10     | Reached skill level 5 in Summonings
 12332 | D:10     | Reached skill level 5 in Necromancy
 12332 | D:10     | Reached skill level 5 in Translocations
 12332 | D:10     | Reached skill level 5 in Transmutations
 12332 | D:10     | Reached skill level 5 in Fire Magic
 12332 | D:10     | Reached skill level 5 in Ice Magic
 12332 | D:10     | Reached skill level 5 in Air Magic
 12332 | D:10     | Reached skill level 5 in Earth Magic
 12332 | D:10     | Reached skill level 5 in Poison Magic
 12784 | D:10     | Noticed a two-headed ogre
 12794 | D:10     | Killed a two-headed ogre
 12794 | D:10     | Received a gift from Okawaru
 12947 | D:10     | Found a staircase to the Orcish Mines.
 13109 | D:10     | Found a staircase to the Lair.
 13369 | D:10     | Reached ***** piety under Okawaru
 13663 | D:11     | Noticed a manticore
 13684 | D:11     | Killed a manticore
 13907 | D:11     | Received a gift from Okawaru
 13915 | D:11     | Noticed a cyan ugly thing
 13931 | D:11     | Killed a cyan ugly thing
 14001 | D:11     | HP: 1/86 [orc priest/divine providence (13)]
 14377 | D:11     | Noticed a phantasmal warrior
 14378 | D:11     | Noticed a death knight
 15299 | D:11     | Slain by a death knight

Skill      XL: |  1  2  3  4  5  6  7  8  9 10 11 |
---------------+----------------------------------+-----
Spellcasting   | 5 6 7 8 |  8.4
Invocations    | 1 2 3 4 5 6 7 |  7.3
Short Blades   | 1 2 3 4 5 6 |  6.6
Long Blades    | 1 2 3 4 5 6 |  6.6
Axes           | 1 2 3 4 5 6 |  6.6
Maces & Flails | 1 2 3 4 5 6 |  6.6
Staves         | 1 2 3 4 5 6 |  6.6
Slings         | 1 2 3 4 5 6 |  6.6
Bows           | 1 2 3 4 5 6 |  6.6
Crossbows      | 1 2 3 4 5 6 |  6.6
Throwing       | 1 2 3 4 5 6 |  6.6
Stealth        | 1 2 3 4 5 6 |  6.6
Shields        | 1 2 3 4 5 6 |  6.6
Unarmed Combat | 1 2 3 4 5 6 |  6.6
Evocations     | 1 2 3 4 5 6 |  6.6
Conjurations   | 1 2 3 4 5 |  5.5
Hexes          | 1 2 3 4 5 |  5.5
Summonings     | 1 2 3 4 5 |  5.5
Necromancy     | 1 2 3 4 5 |  5.5
Translocations | 1 2 3 4 5 |  5.5
Transmutations | 1 2 3 4 5 |  5.5
Fire Magic     | 1 2 3 4 5 |  5.5
Ice Magic      | 1 2 3 4 5 |  5.5
Air Magic      | 1 2 3 4 5 |  5.5
Earth Magic    | 1 2 3 4 5 |  5.5
Poison Magic   | 1 2 3 4 5 |  5.5
Armour         | 3 4 5 6 7 |  7.2
Fighting       | 5 6 7 8 |  8.2
Polearms       | 5 6 7 8 |  8.2
Dodging        | 5 6 7 8 |  8.2
Charms         | 6 7 |  7.9

Action                   |  1- 3 |  4- 6 |  7- 9 | 10-12 || total
-------------------------+-------+-------+-------+-------++-------
Melee: Spear             |   165 |   123 |   642 |   951 ||  1881
       Bite              |     9 |    12 |    71 |   157 ||   249
       Punch             |     1 |       |       |       ||     1
 Cast: Spectral Weapon   |     1 |     3 |    18 |    39 ||    61
       Regeneration      |       |       |       |     3 ||     3
  Use: Scroll            |       |       |    15 |    11 ||    26
       Potion            |       |       |       |     3 ||     3
 Stab: Sleeping          |     3 |     3 |     3 |     4 ||    13
       Distracted        |       |       |     2 |    10 ||    12
  Eat: Chunk             |     1 |     4 |    18 |    14 ||    37
       Ration            |       |       |     1 |     5 ||     6
Armor: Leather armour    |    26 |     3 |       |       ||    29
       Scale mail        |       |    24 |   173 |   212 ||   409
       Chain mail        |       |       |       |    82 ||    82
Dodge: Dodged            |    91 |    39 |   244 |   366 ||   740
Block: Buckler           |     4 |    21 |   120 |   330 ||   475
       Reflection        |       |       |       |     7 ||     7
